 Dungeon Crawl Stone Soup version 0.21.1-1-g345015f (webtiles) character file.

16979 infcreate the Severer (level 12, -9/108 HPs)
             Began as a Minotaur Fighter on June 2, 2018.
             Was an Elder of Trog.
             Mangled by an ice devil (20 damage)
             ... in an ice cave.
             The game lasted 00:53:26 (11857 turns).

infcreate the Severer (Minotaur Fighter)           Turns: 11857, Time: 00:53:27

Health: -9/108     AC: 20    Str: 31    XL:     12   Next: 14%
Magic:  11/11      EV:  7    Int:  5    God:    Trog [****..]
Gold:   609        SH: 13    Dex: 10    Spells: 11/11 levels left

rFire    . . .     SeeInvis .   a - +0 war axe
rCold    . . .     Gourm    .   c - +0 shield
rNeg     . . .     Faith    .   u - +0 plate armour
rPois    +         Spirit   .   p - +0 hat
rElec    .         Reflect  .   r - +0 cloak
rCorr    .         Harm     .   I - +2 pair of gloves {archery}
MR       .....                  (no boots)
Stlth    ..........             (no amulet)
HPRegen  0.28/turn              y - ring of poison resistance
MPRegen  0.12/turn              b - ring of stealth

@: mighty
A: retaliatory headbutt, horns 2
a: Berserk, Trog's Hand, Brothers in Arms, Burn Spellbooks, Renounce Religion


You were in an ice cave.
You worshipped Trog.
Trog was greatly pleased with you.
You were hungry.

You visited 3 branches of the dungeon, and saw 12 of its levels.
You also visited: Ice Cave.

You collected 609 gold pieces.

Inventory:

Hand Weapons
 a - a +0 war axe (weapon)
Armour
 c - a +0 shield (worn)
 p - a +0 hat (worn)
 r - a +0 cloak (worn)
 u - a +0 plate armour (worn)
 I - a +2 pair of gloves of archery (worn)
Jewellery
 b - a ring of stealth (right hand)
 s - an uncursed ring of flight
 y - a ring of poison resistance (left hand)
 G - an uncursed ring of protection from cold {unknown}
Scrolls
 e - 3 scrolls of magic mapping {unknown}
 g - 6 scrolls of remove curse
 h - 3 scrolls of fear
 i - 4 scrolls of identify
 m - 4 scrolls of fog
 n - 2 scrolls of blinking {unknown}
 o - 8 scrolls of teleportation
 t - 2 scrolls of random uselessness {unknown}
 v - a scroll of enchant weapon {unknown}
 w - 3 scrolls of noise {unknown}
 C - a scroll of enchant armour {unknown}
Potions
 d - 2 potions of might
 j - a potion of cancellation {unknown}
 k - 2 potions of mutation {unknown}
 q - 8 potions of curing
 x - 3 potions of brilliance {unknown}
 z - a potion of magic {unknown}
 A - a potion of agility {unknown}
 B - 2 potions of heal wounds
 D - a potion of lignification {unknown}
 E - 3 potions of berserk rage {unknown}
 F - 2 potions of flight {unknown}
 H - a potion of haste {unknown}
 J - a potion of degeneration {unknown}
Comestibles
 f - 15 rations


   Skills:
 + Level 10.6 Fighting
 + Level 15.2 Axes
 + Level 11.1 Armour
 + Level 11.1 Shields


You had 11 spell levels left.
You didn't know any spells.

Dungeon Overview and Level Annotations

Branches:
Dungeon (10/15)            Temple (1/1) D:6            Lair (1/6) D:8
    Orc: D:9-12

Altars:
Ashenzari
Cheibriados
Dithmenos
Elyvilon
Fedhas
Gozag
Hepliaklqana
Kikubaaqudgha
Makhleb
Nemelex Xobeh
Okawaru
Qazlal
Ru
Sif Muna
Trog
Uskayaw
Vehumet
Wu Jian
Xom
Yredelemnul
Zin
The Shining One

Shops:
D:8 :

Annotations:
D:4 2 transporters


Innate Abilities, Weirdness & Mutations

You reflexively headbutt those who attack you in melee.
You have a pair of horns on your head.


Message History

The ice devil is moderately wounded.
The ice devil hits you. The ice devil freezes you!
You closely miss the ice devil.
You headbutt the ice devil, but do no damage.
The ice devil is moderately wounded.
The ice devil hits you but does no damage.
You hit the ice devil.
You headbutt the ice devil, but do no damage.
The ice devil is moderately wounded.
You hit the ice devil. You block the ice devil's attack. x2
You feel very mighty all of a sudden. The ice devil hits you.
The ice devil freezes you!!
* * * LOW HITPOINT WARNING * * *
You block the ice devil's attack.
You hit the ice devil.
The ice devil is heavily wounded.
You hit the ice devil but do no damage. The ice devil hits you!
* * * LOW HITPOINT WARNING * * *
The ice devil freezes you!!
You die...

###4..# ###. ##...###
####...
##...###########......
##§§.##§..##.........#.
#≈4###§§§.........#[###
#..§##≈§§§.##..###### #
##..####§§..##...#
###§4.###.###...#
##4@..###....##
###........##
###....### ######


You could see 2 ice devils.

Vanquished Creatures
  A frost giant (D:10)
  A stone giant (D:10)
  Snorg (D:10)
  Erica (D:8)
  6 two-headed ogres
  Pikel (D:8)
  The ghost of Tiareth the Magician, a novice DEWz of Cheibriados (D:8)
  A manticore (D:10)
  Joseph (D:9)
  2 ice statues (IceCv)
  Psyche (D:9)
  2 ice devils (IceCv)
  4 trolls
  Prince Ribbit (D:6)
  A hippogriff (D:8)
  The ghost of Tiareth the Magician, an amateur DEWz (D:4)
  4 yaks
  2 wyverns (D:10)
  Eustachio (D:4)
  A wraith (D:10)
  A hungry ghost (D:8)
  2 water moccasins
  4 sky beasts
  An ice beast (D:6)
  A phantom (D:9)
  4 orc warriors
  2 black bears (D:10)
  A slave (D:8)
  An eye of draining (D:10)
  5 centaurs
  A big kobold (D:8)
  3 bullfrogs
  A wyvern zombie (D:10)
  A wyvern skeleton (D:10)
  2 scorpions
  A howler monkey (D:7)
  A bullfrog zombie (D:7)
  2 crimson imps
  2 quasits
  3 jellies
  3 hounds
  2 bullfrog skeletons
  7 orc priests
  9 orc wizards
  A centaur skeleton (D:4)
  3 iguanas
  11 worker ants
  3 worker ant zombies
  4 gnolls
  15 adders
  3 shadow imps
  19 white imps
  5 ufetubi (IceCv)
  An adder zombie (D:7)
  3 worms
  12 leopard geckos
  41 orcs
  10 bats
  10 giant cockroaches
  8 goblins
  8 hobgoblins
  16 jackals
  8 kobolds
  2 quokkas
  4 ball pythons
  3 frilled lizards
  A leopard gecko skeleton (D:7)
  12 rats
  A fungus (Lair:1)
  A plant (D:5)
299 creatures vanquished.

Vanquished Creatures (others)
  A slave (D:8)
  4 white imps (IceCv)
  2 ufetubi (IceCv)
  A kobold (D:8)
8 creatures vanquished.

Grand Total: 307 creatures vanquished

Notes
Turn   | Place    | Note
-------+----------+-------------------------------------------
     0 | D:1      | infcreate the Minotaur Fighter began the quest for the Orb.
     0 | D:1      | Reached XP level 1. HP: 19/19 MP: 0/0
   251 | D:1      | Reached XP level 2. HP: 27/27 MP: 1/1
   544 | D:1      | Reached XP level 3. HP: 33/33 MP: 2/2
   709 | D:2      | Reached skill level 3 in Axes
  1028 | D:2      | Reached XP level 4. HP: 36/40 MP: 3/3
  1522 | D:2      | Found a sparkling altar of Nemelex Xobeh.
  1758 | D:2      | Reached XP level 5. HP: 47/47 MP: 4/4
  1907 | D:2      | Reached skill level 4 in Axes
  2054 | D:3      | Reached skill level 5 in Armour
  2064 | D:3      | Reached skill level 5 in Shields
  2301 | D:3      | Reached XP level 6. HP: 53/53 MP: 5/5
  2369 | D:3      | Found a shadowy altar of Dithmenos.
  2720 | D:4      | Reached skill level 5 in Axes
  2808 | D:4      | Noticed Tiareth's ghost (amateur DEWz)
  2859 | D:4      | Killed Tiareth's ghost
  2859 | D:4      | Reached XP level 7. HP: 30/60 MP: 6/6
  3164 | D:4      | Found a transporter.
  3186 | D:4      | Found a transporter.
  3246 | D:4      | Found a deep blue altar of Sif Muna.
  3320 | D:4      | Reached skill level 6 in Axes
  3622 | D:4      | Found an ornate altar of the Wu Jian Council.
  3779 | D:5      | Entered Level 5 of the Dungeon
  3818 | D:5      | Reached skill level 5 in Fighting
  3828 | D:5      | Found an iron altar of Okawaru.
  4100 | D:5      | Noticed Eustachio
  4388 | D:4      | Killed Eustachio
  4388 | D:4      | Reached skill level 7 in Axes
  4639 | D:5      | Found a radiant altar of Vehumet.
  5341 | D:6      | Noticed a two-headed ogre
  5356 | D:6      | Killed a two-headed ogre
  5356 | D:6      | Reached skill level 8 in Axes
  5356 | D:6      | Reached XP level 8. HP: 66/70 MP: 7/7
  5379 | D:6      | Reached skill level 9 in Axes
  5809 | D:6      | Found a staircase to the Ecumenical Temple.
  5841 | Temple   | Entered the Ecumenical Temple
  5891 | Temple   | Became a worshipper of Trog the Wrathful
  6027 | D:6      | Noticed Prince Ribbit
  6126 | D:6      | Killed Prince Ribbit
  6126 | D:6      | Reached XP level 9. HP: 66/75 MP: 8/8
  6280 | D:7      | Reached skill level 10 in Axes
  6449 | D:7      | Reached * piety under Trog
  6819 | D:8      | Found a basalt altar of Yredelemnul.
  6881 | D:8      | Noticed Tiareth's ghost (novice DEWz)
  6901 | D:8      | Killed Tiareth's ghost
  6901 | D:8      | Reached skill level 11 in Axes
  6942 | D:8      | Noticed a two-headed ogre
  6954 | D:8      | Killed a two-headed ogre
  6954 | D:8      | Reached XP level 10. HP: 5/86 MP: 9/9
  7318 | D:8      | Noticed Pikel
  7333 | D:8      | Killed Pikel
  7341 | D:8      | Reached ** piety under Trog
  7533 | D:8      | Found Plog's Book Shop.
  7573 | D:8      | Noticed Erica
  7592 | D:8      | Killed Erica
  7592 | D:8      | Reached skill level 12 in Axes
  7663 | D:8      | Found a staircase to the Lair.
  7870 | D:9      | Noticed Psyche
  7886 | D:9      | Killed Psyche
  8211 | D:9      | Noticed Joseph
  8228 | D:9      | Killed Joseph
  8278 | D:9      | Reached skill level 10 in Shields
  8283 | D:9      | Reached skill level 13 in Axes
  8858 | D:10     | Entered Level 10 of the Dungeon
  8914 | D:10     | Reached XP level 11. HP: 94/95 MP: 10/10
  8941 | D:10     | Noticed a two-headed ogre
  8953 | D:10     | Killed a two-headed ogre
  9300 | D:10     | Noticed a two-headed ogre
  9320 | D:10     | Killed a two-headed ogre
  9320 | D:10     | Reached skill level 10 in Armour
  9534 | D:10     | Reached *** piety under Trog
  9887 | D:10     | Reached skill level 14 in Axes
  9926 | D:10     | Noticed Snorg
  9929 | D:10     | Noticed a stone giant
  9943 | D:10     | Killed a stone giant
  9949 | D:10     | Killed Snorg
 10073 | D:10     | Reached skill level 10 in Fighting
 10241 | D:10     | Noticed a two-headed ogre
 10254 | D:10     | Killed a two-headed ogre
 10262 | D:10     | Noticed a frost giant
 10818 | D:10     | Killed a frost giant
 10957 | D:10     | Noticed a two-headed ogre
 10965 | D:10     | Killed a two-headed ogre
 10965 | D:10     | Reached skill level 15 in Axes
 10965 | D:10     | Reached XP level 12. HP: 89/107 MP: 11/11
 11201 | Lair:1   | Entered Level 1 of the Lair of Beasts
 11201 | Lair:1   | Found a frozen archway.
 11223 | Lair:1   | Reached **** piety under Trog
 11255 | IceCv    | Entered an ice cave
 11857 | IceCv    | Mangled by an ice devil

Skill      XL: |  1  2  3  4  5  6  7  8  9 10 11 12 |
---------------+-------------------------------------+-----
Armour         | 4 5 6 7 8 9 10 11 | 11.1
Shields        | 4 5 6 7 9 10 11 | 11.1
Fighting       | 4 6 7 8 10 | 10.6
Axes           | 3 4 5 8 9 11 13 15 | 15.2

Action                   |  1- 3 |  4- 6 |  7- 9 | 10-12 || total
-------------------------+-------+-------+-------+-------++-------
Melee: War axe           |   105 |   165 |   273 |   454 ||   997
       Headbutt          |    22 |    31 |    60 |   121 ||   234
Invok: Burn Spellbooks   |       |       |     2 |     1 ||     3
       Berserk           |       |       |       |     6 ||     6
  Use: Potion            |       |     1 |     1 |     1 ||     3
       Scroll            |       |     2 |     4 |     2 ||     8
 Stab: Distracted        |       |       |       |     1 ||     1
  Eat: Chunk             |     1 |     6 |    12 |    13 ||    32
       Ration            |       |       |       |     3 ||     3
Armor: Scale mail        |    12 |       |       |       ||    12
       Chain mail        |    47 |   101 |   109 |       ||   257
       Plate armour      |       |       |    14 |   170 ||   184
Dodge: Dodged            |    27 |    37 |    59 |    72 ||   195
Block: Shield            |    56 |   104 |   167 |   195 ||   522
